 Dungeon Crawl Stone Soup version 0.18-a0-721-g8fc53f4 (webtiles) character file.

1715 Ijustatesigmund the Covert (level 9, 0/54 HPs)
             Began as an Octopode Conjurer on Dec 8, 2015.
             Was a Priest of Cheibriados.
             Slain by a centaur skeleton (7 damage)
             ... on level 6 of the Dungeon.
             The game lasted 00:27:44 (6698 turns).

Ijustatesigmund the Covert (Octopode Conjurer)      Turns: 6698, Time: 00:27:44

Health: 0/54       AC:  1    Str: 19    XL:     9   Next: 4%
Magic:  15/17      EV: 13    Int: 27    God:    Cheibriados [***...]
Gold:   255        SH:  0    Dex: 21    Spells: 4 memorised, 7 levels left

rFire  . . .     SeeInvis .     i - +1 short sword (venom)
rCold  . . .     Clarity  .     (no shield)
rNeg   . . .     SustAt   +     (helmet restricted)
rPois  .         Gourm    .     (no amulet)
rElec  .         Spirit   .     c - +2 ring of dexterity
rCorr  .         Dismiss  .     (no ring)
rMut   .         Stasis   .     v - ring of sustain attributes
MR     .....                    A - +4 ring of strength
Stlth  ++++++....               (no ring)
                                (no ring)
                                (no ring)
                                (no ring)

@: about to teleport, very slow, not resistant to hostile enchantments, very
stealthy
A: almost no armour, amphibious, 8 rings, constrict 8, camouflage 1, gelatinous
body 1
a: Bend Time, Temporal Distortion, Renounce Religion


You were on level 6 of the Dungeon.
You worshipped Cheibriados.
Cheibriados was most pleased with you.
You were not hungry.

You visited 1 branch of the dungeon, and saw 6 of its levels.

You collected 255 gold pieces.

Inventory:

Hand Weapons
 i - a +1 short sword of venom (weapon)
 s - a +0 blowgun
 w - a +0 dagger of venom
 E - a +2 dagger of speed
Missiles
 l - 12 javelins (quivered)
 t - 17 poisoned needles
Rods
 D - a -1 rod of inaccuracy (9/9)
   (You found it on level 5 of the Dungeon)
Jewellery
 c - a +2 ring of dexterity (left tentacle)
 o - an uncursed ring of fire
 v - a ring of sustain attributes (on tentacle)
 A - a +4 ring of strength (on tentacle)
Wands
 h - a wand of cold (2)
 n - a wand of polymorph (16)
 q - a wand of slowing (29)
 x - a wand of digging (21)
 y - a wand of magic darts (28)
 B - a wand of enslavement (14)
 C - a wand of cold (6)
Scrolls
 e - 2 scrolls of identify
 u - 5 scrolls of teleportation
 z - 2 scrolls of remove curse
Potions
 g - a potion of cure mutation
 j - a potion of magic
 k - 2 potions of lignification
 p - 2 potions of curing
 r - a potion of brilliance
Books
 a - a book of Conjurations

   Spells                             Type                      Level
   a - Magic Dart                     Conjuration                  1
   b - Searing Ray                    Conjuration                  2
   c - Dazzling Spray                 Conjuration/Hexes            3
   d - Fulminant Prism                Conjuration/Hexes            4
   e - Iskenderun's Mystic Blast      Conjuration                  4
   f - Iskenderun's Battlesphere      Conjuration/Charms           5
Comestibles
 b - 4 bread rations
 d - 4 slices of pizza
 f - 4 meat rations
 m - 2 beef jerkies


   Skills:
 - Level 2.0 Fighting
 - Level 2.2 Short Blades
 + Level 3.2 Throwing
 - Level 2.0 Dodging
 - Level 8.1 Stealth
 + Level 5.4 Spellcasting
 + Level 6.0 Conjurations
 - Level 2.3 Hexes
 - Level 2.1 Charms
 - Level 1.0 Invocations
 - Level 2.2 Evocations


You had 7 spell levels left.
You knew the following spells:

 Your Spells              Type           Power        Failure   Level  Hunger
a - Magic Dart            Conj           ####         1%          1    None
b - Searing Ray           Conj           #####.       1%          2    None
c - Dazzling Spray        Conj/Hex       ####....     3%          3    #......
d - Iskenderun's Battles  Conj/Chrm      ####....     41%         5    #####..


Dungeon Overview and Level Annotations

Branches:
Dungeon (6/15)             Temple (0/1) D:5

Altars:
Ashenzari
Cheibriados
Makhleb
Qazlal
Sif Muna


Innate Abilities, Weirdness & Mutations

You cannot wear most types of armour.
You are amphibious.
You can wear up to eight rings at the same time.
You can use your tentacles to constrict eight enemies at once.
Your skin changes colour to match your surroundings (Stealth).
Your rubbery body absorbs attacks (AC +1).


Message History

The centaur is almost dead.
You kill the centaur!
Cheibriados thoroughly appreciates the change of pace.
Your Throwing skill increases to level 3!
Your base Conjurations skill increases to level 6!
You have reached level 9!
Your experience leads to an increase in your attributes!
Your base attributes are Str 8, Int 19, Dex 12.
Increase (S)trength, (I)ntelligence, or (D)exterity?
You feel clever.
Your life force feels restored.
The centaur skeleton hits you.
* * * LOW HITPOINT WARNING * * *
Read which item? (? for menu, Esc to quit)
As you read the scroll of teleportation, it crumbles to dust.
You feel strangely unstable. The centaur skeleton hits you!
* * * LOW HITPOINT WARNING * * *
The centaur skeleton closely misses you.
The centaur skeleton hits you!
You die...

##..#### ##..## #
#...!..### ##..##
#........## ### ##..##
##.....###.# #.###..##
#......#############.....##
...##...###.>...........##
######.................##
###.........##....#
##....>.Z@......#
#######..#####...)...#
##........# ###.....#
##.#####..## #.....# #)##
###### ##<....# ..#
##.#####......# .##
##...........)[# .##
##..#######.....###
..######...# #####...###


You could see a centaur skeleton.

Vanquished Creatures
  Duvessa (D:4)
  A sky beast (D:5)
  2 orc warriors (D:6)
  A black bear (D:6)
  An ogre (D:6)
  A centaur (D:6)
  Dowan (D:4)
  A scorpion (D:4)
  3 crimson imps
  A centaur zombie (D:6)
  An iguana (D:6)
  A quasit (D:4)
  A giant frog zombie (D:5)
  A jelly (D:5)
  7 orc wizards
  2 hounds
  A giant frog skeleton (D:4)
  Ijyb (D:2)
  4 worker ants
  2 hound skeletons
  A worker ant zombie (D:5)
  6 adders
  4 gnolls (D:5)
  2 shadow imps
  2 oozes
  5 worms
  6 giant geckos
  22 orcs
  8 hobgoblins
  2 quokkas (D:3)
  9 bats
  2 giant cockroaches
  A giant newt (D:6)
  7 goblins
  9 kobolds
  A quokka skeleton (D:5)
  6 rats
  A butterfly (D:5)
128 creatures vanquished.

Notes
Turn   | Place    | Note
--------------------------------------------------------------
     0 | D:1      | Ijustatesigmund the Octopode Conjurer began the quest for the Orb.
     0 | D:1      | Reached XP level 1. HP: 11/11 MP: 3/3
    67 | D:1      | Reached XP level 2. HP: 15/17 MP: 1/5
    75 | D:1      | Learned a level 2 spell: Searing Ray
   829 | D:2      | Reached XP level 3. HP: 21/21 MP: 5/7
  1123 | D:2      | Noticed Ijyb
  1142 | D:2      | Killed Ijyb
  1144 | D:2      | Reached XP level 4. HP: 27/27 MP: 4/8
  1675 | D:3      | Reached skill level 5 in Stealth
  1765 | D:3      | Learned a level 3 spell: Dazzling Spray
  1790 | D:3      | Reached XP level 5. HP: 32/32 MP: 7/10
  1797 | D:3      | Learned a level 5 spell: Iskenderun's Battlesphere
  1884 | D:3      | Found a burning altar of Makhleb.
  1893 | D:3      | Reached skill level 1 in Short Blades
  2055 | D:3      | Found a deep blue altar of Sif Muna.
  2080 | D:3      | Reached skill level 1 in Fighting
  2231 | D:3      | Found a snail-covered altar of Cheibriados.
  2251 | D:3      | Became a worshipper of Cheibriados the Contemplative
  2791 | D:4      | Reached skill level 1 in Invocations
  2900 | D:4      | Reached XP level 6. HP: 28/38 MP: 6/12
  3053 | D:4      | Reached skill level 1 in Hexes
  3053 | D:4      | Reached skill level 1 in Charms
  3108 | D:4      | Reached * piety under Cheibriados
  3108 | D:4      | Reached skill level 6 in Stealth
  3525 | D:4      | Noticed Duvessa
  3525 | D:4      | Noticed Dowan
  3539 | D:4      | Killed Duvessa
  3539 | D:4      | Reached skill level 7 in Stealth
  3539 | D:4      | Reached XP level 7. HP: 10/43 MP: 5/13
  3773 | D:4      | Killed Dowan
  4214 | D:5      | Entered Level 5 of the Dungeon
  4217 | D:5      | Found a staircase to the Ecumenical Temple.
  4222 | D:5      | Reached ** piety under Cheibriados
  4699 | D:5      | Reached skill level 8 in Stealth
  4699 | D:5      | Reached XP level 8. HP: 50/50 MP: 14/14
  4798 | D:5      | Found a stormy altar of Qazlal.
  4940 | D:5      | Reached skill level 1 in Evocations
  5530 | D:6      | Found a shattered altar of Ashenzari.
  5615 | D:6      | Reached skill level 5 in Conjurations
  5745 | D:6      | Reached skill level 1 in Throwing
  6008 | D:6      | Reached *** piety under Cheibriados
  6008 | D:6      | Reached skill level 5 in Spellcasting
  6695 | D:6      | Reached XP level 9. HP: 16/54 MP: 15/17
  6698 | D:6      | Slain by a centaur skeleton

Vault maps used:
D:1:      dpeg_arrival_round_b, serial_forest, infiniplex_forest_pool,
          infiniplex_forest_straight_3, infiniplex_forest_clump_double,
          infiniplex_forest_clump_tiny, infiniplex_forest_lined_2,
          columned_hall_lemuel
D:2:      first_bread, uniq_iyjb
D:3:      cheibriados_altar_wand_db, makhleb_blood_cavern_becter,
          lemuel_blue_sif_altar
D:4:      uniq_duvessa
D:5:      overflow_temple_1_default, minmay_temple_entry_butterflies,
          st_stairs_11, hangedman_decor_lopped, kennysheep_generic_room_2
D:6:      old_standard_altar

Action                   |  1- 3 |  4- 6 |  7- 9 || total
-------------------------+-------+-------+-------++-------
Melee: Unarmed           |    10 |       |       ||    10
       Short sword       |     4 |    31 |    17 ||    52
       Dagger            |       |       |    37 ||    37
 Fire: Blowgun           |       |       |     5 ||     5
Throw: Javelin           |       |       |    11 ||    11
 Cast: Magic Dart        |    40 |    63 |   132 ||   235
       Dazzling Spray    |       |     3 |     1 ||     4
       Searing Ray       |       |     6 |     4 ||    10
Evoke: Wand              |       |       |     3 ||     3
  Use: Scroll            |     5 |     8 |     7 ||    20
       Potion            |       |       |     2 ||     2
 Stab: Sleeping          |     2 |     8 |     6 ||    16
       Invisible         |       |       |     1 ||     1
  Eat: Chunk             |       |     8 |     4 ||    12
